 Dungeon Crawl Stone Soup version 0.29.0-4-gdea44cf6ec (webtiles) character file.

Game seed: 16669024681007884473

18 qw the Caller (level 2, 0/23 HPs)
             Began as a Ghoul Summoner on Sept 9, 2022.
             Slain by a frilled lizard (1 damage)
             ... on level 1 of the Dungeon.
             The game lasted 00:00:26 (1055 turns).

qw the Caller (Ghoul Summoner)                      Turns: 1055, Time: 00:00:26

Health: 0/23       AC:  2    Str: 11    XL:     2   Next: 70%
Magic:  0/3        EV: 12    Int: 10    God:
Gold:   0          SH:  0    Dex:  9    Spells: 3/4 levels left

rFire   . . .      SeeInvis .   i - +0 long sword
rCold   + . .      Faith    .   (no shield)
rNeg    + + +      Spirit   .   a - +0 robe
rPois   inf        Reflect  .   (no helmet)
rElec   .          Harm     .   (no cloak)
rCorr   .          Rampage  .   (no gloves)
Will    .....                   (no boots)
Stlth   ++........              (no amulet)
HPRegen 0.00/turn               (no ring)
MPRegen 0.08/turn               (no ring)

@: inhibited regen
A: claws 1, cold resistance 1, negative energy resistance 3, inhibited
regeneration, torment resistance 2, devour on kill
a: no special abilities


You were on level 1 of the Dungeon.
You visited 1 branch of the dungeon, and saw 1 of its levels.


Innate Abilities, Weirdness & Mutations

You are immune to poison.
You have sharp fingernails.
Your flesh is cold resistant. (rC+)
You are immune to negative energy. (rN+++)
You do not regenerate when monsters are visible.
You are immune to unholy pain and torment.
You thrive by killing the living.


   Skills:
 - Level 1.0 Fighting
 + Level 1.7 Axes
 - Level 1.7 Dodging
 - Level 2.1 Stealth
 - Level 1.7 Spellcasting
 - Level 3.6 Summonings


You had 3 spell levels left.
You knew the following spells:

 Your Spells              Type           Power      Damage    Failure   Level
a - Summon Small Mammal   Summ           32%        N/A       8%          1

Your spell library contained the following spells:

 Spells                   Type           Power      Damage    Failure   Level
 Call Imp                 Summ           8%         N/A       11%         2
 Call Canine Familiar     Summ           8%         N/A       22%         3
 Summon Guardian Golem    Hex/Summ       4%         N/A       43%         3
 Summon Lightning Spire   Summ/Air       4%         N/A       83%         4

Inventory:

Hand Weapons
 f - a +0 whip
 i - a +0 long sword (weapon)
Armour
 a - a +0 robe (worn)
 d - a +0 scale mail
 e - a +0 ring mail
Scrolls
 j - a scroll of vulnerability {unknown}
Potions
 b - a potion of magic
 c - a potion of cancellation {unknown}
 g - a potion of flight {unknown}
 h - a potion of mutation {unknown}
 k - a potion of curing {unknown}
 l - a potion of haste {unknown}

Dungeon Overview and Level Annotations

Branches:
Dungeon (1/15)

Altars:


Message History

The jackal attacks as you move away! The jackal barely misses you.
Your bat barely misses the jackal.
The jackal barely misses you.
You barely miss the jackal.
The jackal is heavily wounded.
Your bat barely misses the jackal.
The jackal closely misses you.
The jackal bites you. x3; Your bat barely misses the jackal. x2
The jackal completely misses you. The jackal closely misses you.
1051 ||| CASTING Summon Small Mammal
Casting: Summon Small Mammal (safe; 8% risk of failure)
Confirm with . or Enter, or press ? or * to list all spells.
Your bat disappears in a puff of smoke!
Your bat hits the jackal. The jackal bites you. The jackal closely misses you.
The jackal bites you.
You closely miss the jackal.
The jackal is moderately wounded.
Your bat closely misses the jackal.
Your bat misses the jackal. The jackal completely misses you.
The jackal bites you.
Your bat closely misses the frilled lizard.
The frilled lizard bites you but does no damage.
The jackal bites you.
Your bat hits the frilled lizard. The jackal closely misses you.
The jackal misses your bat.
1053 ||| Stepping ~*~*~tactically~*~*~ (outnumbered).
The jackal attacks as you move away! The jackal bites you.
The jackal attacks as you move away! The jackal barely misses you.
Your bat hits the jackal. Your bat misses the frilled lizard.
Your bat barely misses the jackal.
The jackal bites your bat. The frilled lizard bites your bat.
Your bat dies!
Your bat's corpse disappears in a puff of smoke!
You slash the jackal!
You kill the jackal!
Your bat completely misses the jackal.
Your bat completely misses the frilled lizard.
The jackal misses your bat.
Your bat hits the jackal but does no damage.
The jackal closely misses you. The jackal barely misses your bat.
You hit the jackal.
The jackal is almost dead.
The jackal closely misses you. The frilled lizard bites you.
You die...

#..........
##........#
#........#
#........####...
#...........#....
#..h........ .....
#..b......... ....
###hl...#..... #.###
#@.......... #....
#.....#..... #....
#.....#.....##....
##................
#................
#................
#####..............##
#..................#.
#.........#.....####.


You could see 2 jackals, a frilled lizard and a friendly bat (summoned).

Vanquished Creatures
  A ball python (D:1)
  An endoplasm (D:1)
  3 giant cockroaches (D:1)
  2 hobgoblins (D:1)
  A jackal (D:1)
  A quokka (D:1)
  A kobold (D:1)
  A rat (D:1)
11 creatures vanquished.

Vanquished Creatures (collateral kills)
  A ball python (D:1)
  A bat (D:1)
  A quokka (D:1)
  A rat (D:1)
4 creatures vanquished.

Vanquished Creatures (others)
  4 plants (D:1)
4 creatures vanquished.

Grand Total: 19 creatures vanquished

Notes
Turn   | Place    | Note
-------+----------+-------------------------------------------
     0 | D:1      | qw the Ghoul Summoner began the quest for the Orb.
     0 | D:1      | Reached XP level 1. HP: 14/14 MP: 2/2
     0 | D:1      | 0 ||| qw: Version: 0.1-a-113-g051387a
     0 | D:1      | 0 ||| qw: Game counter: 7027
     0 | D:1      | 0 ||| qw: Always use a shield: true
     0 | D:1      | 0 ||| qw: God list: Okawaru
     0 | D:1      | 0 ||| qw: Allow faded altars: false
     0 | D:1      | 0 ||| qw: Do Orc after D:15 true
     0 | D:1      | 0 ||| qw: Do second Lair branch before Depths: true
     0 | D:1      | 0 ||| qw: Lair rune preference: random
     0 | D:1      | 0 ||| qw: Plans: Normal
     0 | D:1      | 0 ||| PLANNING D:1-11
     4 | D:1      | 4 ||| CASTING Summon Small Mammal
     5 | D:1      | 5 ||| CASTING Summon Small Mammal
    17 | D:1      | 17 ||| CASTING Summon Small Mammal
    45 | D:1      | 45 ||| CASTING Summon Small Mammal
    46 | D:1      | 46 ||| CASTING Summon Small Mammal
    56 | D:1      | 56 ||| Stepping ~*~*~tactically~*~*~ (outnumbered).
    57 | D:1      | 57 ||| Stepping ~*~*~tactically~*~*~ (outnumbered).
    58 | D:1      | 58 ||| Stepping ~*~*~tactically~*~*~ (outnumbered).
    59 | D:1      | 59 ||| Stepping ~*~*~tactically~*~*~ (outnumbered).
    60 | D:1      | 60 ||| CASTING Summon Small Mammal
    61 | D:1      | 61 ||| Stepping ~*~*~tactically~*~*~ (outnumbered).
    62 | D:1      | 62 ||| Stepping ~*~*~tactically~*~*~ (outnumbered).
    63 | D:1      | 63 ||| Stepping ~*~*~tactically~*~*~ (outnumbered).
    64 | D:1      | 64 ||| Stepping ~*~*~tactically~*~*~ (outnumbered).
    68 | D:1      | 68 ||| Stepping ~*~*~tactically~*~*~ (outnumbered).
    69 | D:1      | 69 ||| Stepping ~*~*~tactically~*~*~ (outnumbered).
    70 | D:1      | 70 ||| CASTING Summon Small Mammal
    76 | D:1      | Reached skill level 1 in Axes
   152 | D:1      | 152 ||| Wielding weapon +0 short sword.
   157 | D:1      | 157 ||| CASTING Summon Small Mammal
   158 | D:1      | 158 ||| CASTING Summon Small Mammal
   257 | D:1      | 257 ||| SWAPPING to +0 whip.
   258 | D:1      | 258 ||| DROPPING +0 short sword.
   263 | D:1      | 263 ||| CASTING Summon Small Mammal
   264 | D:1      | 264 ||| CASTING Summon Small Mammal
   274 | D:1      | Reached XP level 2. HP: 22/22 MP: 0/3
   323 | D:1      | 323 ||| CASTING Summon Small Mammal
   324 | D:1      | 324 ||| CASTING Summon Small Mammal
   325 | D:1      | 325 ||| CASTING Summon Small Mammal
   335 | D:1      | 335 ||| CASTING Summon Small Mammal
   338 | D:1      | Reached skill level 1 in Fighting
   540 | D:1      | 540 ||| CASTING Summon Small Mammal
   541 | D:1      | 541 ||| CASTING Summon Small Mammal
   542 | D:1      | 542 ||| CASTING Summon Small Mammal
   597 | D:1      | 597 ||| SWAPPING to +0 long sword.
   601 | D:1      | 601 ||| CASTING Summon Small Mammal
   602 | D:1      | 602 ||| CASTING Summon Small Mammal
   603 | D:1      | 603 ||| CASTING Summon Small Mammal
   612 | D:1      | 612 ||| CASTING Summon Small Mammal
   692 | D:1      | Found a faded altar of an unknown god.
   770 | D:1      | 770 ||| CASTING Summon Small Mammal
   771 | D:1      | 771 ||| CASTING Summon Small Mammal
   772 | D:1      | 772 ||| CASTING Summon Small Mammal
   811 | D:1      | 811 ||| CASTING Summon Small Mammal
   812 | D:1      | 812 ||| CASTING Summon Small Mammal
   813 | D:1      | 813 ||| CASTING Summon Small Mammal
   823 | D:1      | 823 ||| CASTING Summon Small Mammal
  1040 | D:1      | 1040 ||| CASTING Summon Small Mammal
  1041 | D:1      | 1041 ||| CASTING Summon Small Mammal
  1042 | D:1      | 1042 ||| CASTING Summon Small Mammal
  1047 | D:1      | 1047 ||| Stepping ~*~*~tactically~*~*~ (outnumbered).
  1049 | D:1      | 1049 ||| Stepping ~*~*~tactically~*~*~ (outnumbered).
  1051 | D:1      | 1051 ||| CASTING Summon Small Mammal
  1052 | D:1      | HP: 5/23 [jackal (2)]
  1053 | D:1      | 1053 ||| Stepping ~*~*~tactically~*~*~ (outnumbered).
  1053 | D:1      | HP: 1/23 [jackal (2)]
  1055 | D:1      | Slain by a frilled lizard

Levels and vault maps discovered:
D:1:      eino_arrival_water_cross, layout_basic,
          shapermc_ecumenical_altar_pompeii

Skill      XL: |  1  2 |
---------------+-------+-----
Axes           | 1 |  1.7
Fighting       | 1 |  1.0
Dodging        | |  1.7
Stealth        | |  2.1
Spellcasting   | |  1.7
Summonings     | |  3.6

Action                   || total
-------------------------++-------
Melee: Unarmed           ||    15
       Short sword       ||     4
       Whip              ||     9
       Long sword        ||    24
 Cast: Summon Small Mamm ||    30
Armor: Robe              ||     9
Dodge: Dodged            ||    45

Table legend:
 A = Non-vault XP
 B = Vault XP
 C = Vault XP percentage of total XP
 D = Non-vault monster count
 E = Vault monster count
 F = Vault count percentage of total count
                 A         B        C        D         E       F
            +---------+---------+-------+---------+---------+-------
      Total |      27 |       0 |   0.0 |      15 |       0 |   0.0
            +---------+---------+-------+---------+---------+-------
        D:1 |      27 |       0 |   0.0 |      15 |       0 |   0.0
            +---------+---------+-------+---------+---------+-------
